AoeStats
← 短路

Hideout

508373956Analyzed
1v1 RM · 9d ago on Sep 22, 2026· 46m 9s· 2 players
Game mode
Random Map
Map size
Tiny (2 player)
Population
200
Speed
Normal
Resources
Standard
Victory
Conquest
Starting age
Dark Age
Ending age
Imperial Age
RankedLock teamsTeams togetherTeam positionsShared explorationLock speedFull tech treeHidden civsTurbo modeCheats
Victory
Defeat
🇨🇳 Tatars · China
1944
+9
🇯🇵 Wei · Japan
1789
-9
我一日三十分寝男
10:21 Feudal Age
11:21 Double-Bit Axe
14:28 Castle Age
12:15 Horse Collar
13:45 Gold Mining
14:48 Loom
15:22 Bow Saw
16:19 Gold Shaft Mining
20:23 Wheelbarrow
22:55 Heavy Plow
23:48 Husbandry
24:25 Scale Barding Armor
25:55 Bloodlines
28:16 Stone Mining
29:52 Devotion
30:12 Hand Cart
33:21 Imperial Age
31:34 Stone Shaft Mining
31:47 Chain Barding Armor
33:02 Forging
33:52 Tuntian
34:35 Iron Casting
33:51 Fletching
35:05 Town Watch
36:29 Bodkin Arrow
37:41 Padded Archer Armor
37:47 Bracer
37:22 Elite Skirmisher
38:25 Thumb Ring
39:06 Ballistics
39:29 Masonry
40:33 Chemistry
40:11 Leather Archer Armor
43:35 Blast Furnace
42:26 Light Cavalry
43:31 Conscription
44:23 Capped Ram
短路
10:32 Feudal Age
11:03 Double-Bit Axe
11:21 Horse Collar
14:00 Castle Age
14:57 Bow Saw
15:18 Bow Saw
16:40 Wheelbarrow
26:10 Forging
31:33 Imperial Age
29:03 Fletching
29:50 Bodkin Arrow
30:59 Loom
31:29 Hand Cart
31:10 Gold Mining
31:10 Stone Mining
31:23 Padded Archer Armor
31:45 Ballistics
31:44 Silk Armor
33:03 Bracer
34:27 Chemistry
34:13 Gold Shaft Mining
33:58 Leather Archer Armor
34:14 Bloodlines
34:05 Husbandry
34:19 Scale Barding Armor
34:49 Iron Casting
34:40 Heavy Cavalry Archer
35:59 Heavy Camel Rider
37:02 Capped Ram
37:22 Light Cavalry
38:52 Ring Archer Armor
38:42 Chain Barding Armor
38:57 Iron Casting
38:33 Heavy Plow
41:10 Plate Barding Armor
41:57 Siege Engineers
45:12 Hussar
47:15 Blast Furnace
Connection lost

Rejoining the realm…

Still unreachable

The connection could not be restored.

Session expired

The server has moved on; the page needs a fresh start.